 Dungeon Crawl Stone Soup version 0.31-a0-1074-g0b22e4e0f1 (webtiles) character file.

Game seed: 12836633621115836669

120 Jeffwins the Shooter (level 4, 0/36 HPs)
             Began as an Armataur Hunter on Nov 27, 2023.
             Slain by an orc
             ... wielding a +0 trident
              (4 damage)
             ... on level 4 of the Dungeon.
             The game lasted 00:04:01 (1648 turns).

Jeffwins the Shooter (Armataur Hunter)              Turns: 1648, Time: 00:04:01

Health: 0/36       AC:  4    Str: 16    XL:     4   Next: 75%
Magic:  4/4        EV:  9    Int: 12    God:
Gold:   124        SH:  0    Dex: 13    Spells: 3/3 levels left

rFire   . . .        a - +0 shortbow
rCold   . . .        (shield currently unavailable)
rNeg    + . .        c - +0 leather armour
rPois   .            (helmet currently unavailable)
rElec   .            (cloak currently unavailable)
rCorr   .            (gloves currently unavailable)
SInv    +            (no barding)
Will    .....        g - amulet of regeneration
Stlth   +            N - ring of positive energy
HPRegen 1.06/turn    v - ring of see invisible
MPRegen 0.09/turn

%: roll
@: beast-form
A: beast (slay +0), large, deformed body, tough skin 3, armoured tail, roll 1,
long tongue
a: Begin Untransformation


You were on level 4 of the Dungeon.
You were a hulking beast.
You visited 1 branch of the dungeon, and saw 4 of its levels.

You collected 124 gold pieces.


Innate Abilities, Weirdness & Mutations

You are a hulking beast.
Your limbs bulge with bestial killing power. (Slay +0)
Armour fits poorly on your strangely shaped body.
You have extremely tough skin. (AC +3)
You have a long armoured tail.
You roll when moving toward enemies. (Rampage)
Your long tongue fully drains potion bottles. (2x potion effects)


   Skills:
 - Level 1.7 Fighting
 + Level 4.6 Ranged Weapons
 - Level 1.3 Dodging
 - Level 1.1 Stealth
 + Level 0.3 Shapeshifting


You had 3 spell levels left.
You didn't know any spells.
Your spell library was empty.

Inventory:

Hand Weapons
 a - a +0 shortbow (weapon)
Missiles
 q - 6 poisoned darts
Armour
 c - a +0 leather armour (worn)
Jewellery
 g - an amulet of regeneration (around neck)
 v - a ring of see invisible (right hand)
 N - a ring of positive energy (left hand)
Talismans
 m - a beast talisman (active)
Scrolls
 b - a scroll of butterflies
 d - a scroll of acquirement {unknown}
 f - 2 scrolls of revelation {unknown}
 h - a scroll of enchant weapon {unknown}
 i - a scroll of silence {unknown}
 l - 4 scrolls of identify {unknown}
 n - a scroll of summoning {unknown}
 p - 2 scrolls of amnesia {unknown}
 r - a scroll of fog {unknown}
 t - a scroll of immolation {unknown}
Potions
 e - 5 potions of curing {unknown}
 j - a potion of attraction {unknown}
 k - 2 potions of heal wounds {unknown}
 o - a potion of invisibility {unknown}
 s - a potion of lignification {unknown}

Dungeon Overview and Level Annotations

Branches:
Dungeon (4/15)
 Temple: D:4-7

Altars:
Trog

Annotations:
D:1 1 exclusion
D:3 Grinder ####..#.......... ♣.....#.......... ♣ ♣....'.......... ~~ ♣....#.......... P~~~~~#..#.......... ~~P~~ ♣..###+######### PPP~~

♣...#...........
≈~~~~~♣...#..)........
≈≈P ♣~...#...ho...)..
≈≈≈~♣♣♣.##..#####+###
≈≈≈PP~♣.##..###..
≈≈≈~~~~...........
≈≈≈~~PP...........
≈≈≈≈~P♣...........
≈≈≈≈~♣~.......†...
≈≈≈≈~♣♣......##..#
≈≈≈~ P.##..## ###


You could see an orc.


Message History

* * * LOW HITPOINT WARNING * * *
The orc barely misses you.
Unknown command.
You roll towards the orc!
You shoot an arrow. The arrow completely misses the orc.
The orc hits you but does no damage. x2
Unknown command.
You shoot an arrow.
The arrow hits the orc but does no damage.
The orc is heavily wounded.
The orc hits you with a +0 trident.
* * * LOW HITPOINT WARNING * * *
The orc hits you with a +0 war axe.
* * * LOW HITPOINT WARNING * * *
You shoot an arrow. The arrow hits the orc.
The orc is heavily wounded.
The orc hits you with a +0 trident.
* * * LOW HITPOINT WARNING * * *
The orc closely misses you.
Unknown command.
You shoot an arrow. The arrow hits the orc.
You kill the orc!
The orc barely misses you.
Unknown command.
You shoot an arrow. The arrow closely misses the orc.
The orc hits you with a +0 trident.
* * * LOW HITPOINT WARNING * * *
Unknown command.
You shoot an arrow. The arrow barely misses the orc.
The orc hits you with a +0 trident.
You die...

Skill      XL: |  1  2  3 |
---------------+----------+-----
Ranged Weapons | 3 4 |  4.6
Fighting       | |  1.7
Dodging        | |  1.3
Stealth        | |  1.1
Shapeshifting  | |  0.3

Action                     |  1- 3 |  4- 6 || total
---------------------------+-------+-------++-------
   Fire: Shortbow          |   137 |   118 ||   255
 Armour: Leather armour    |    41 |    34 ||    75
  Dodge: Dodged            |    23 |    27 ||    50
   Form: Beast             |       |     1 ||     1

Levels and vault maps discovered:
D:1:      dpeg_chamrin_arrival_tetris, layout_basic,
          chequers_serial_rivers_small_3, minmay_statues_item
D:2:      layout_rooms, minmay_pentomino_w4
D:3:      layout_basic, lemuel_round_altar, nicolae_tso_carved_into_rock,
          st_stairs_14, nicolae_titane, uniq_grinder, uniq_crazy_yiuf_cottage
D:4:      kennysheep_six_static_rooms, layout_gridville, serial_bayou_lake_a

Notes
Turn   | Place    | Note
-------+----------+-------------------------------------------
     0 | D:1      | Jeffwins the Armataur Hunter began the quest for the Orb.
     0 | D:1      | Reached XP level 1. HP: 17/17 MP: 1/1
   119 | D:1      | Reached skill level 3 in Ranged Weapons
   171 | D:1      | Reached XP level 2. HP: 24/24 MP: 2/2
   555 | D:2      | Reached XP level 3. HP: 29/29 MP: 3/3
   563 | D:2      | Reached skill level 4 in Ranged Weapons
   803 | D:2      | Reached XP level 4. HP: 35/36 MP: 4/4
  1452 | D:3      | Found a bloodstained altar of Trog.
  1551 | D:3      | Noticed Grinder
  1647 | D:4      | HP: 3/36 [orc/+0 trident (4)]
  1648 | D:4      | Slain by an orc

Vanquished Creatures
  2 adders (D:2)
  A gnoll (D:3)
  4 worms
  8 orcs
  8 ball pythons
  6 bats
  5 endoplasms
  3 giant cockroaches
  7 hobgoblins
  3 quokkas
  6 frilled lizards
  7 goblins
  4 kobolds
  3 rats
67 creatures vanquished.

Table legend: (Time is in decaauts)
 A = Elapsed time spent in this place.
 B = Non-inter-level travel time spent in this place.
 C = Inter-level travel time spent in this place.
 D = Time resting spent in this place.
 E = Time spent auto-exploring this place.
 F = Levels seen in this place.
 G = Mean time per level.
                   A        B        C        D        E       F      G
               +--------+--------+--------+--------+--------+-----+--------+
         Total |   1705 |   1664 |     41 |      0 |   1188 |   4 |  426.2 |
       Dungeon |   1705 |   1664 |     41 |      0 |   1188 |   4 |  426.2 |
               +--------+--------+--------+--------+--------+-----+--------+

Top non-repeatable levels by time:
     D:2: 595 daAuts
     D:1: 544 daAuts
     D:3: 497 daAuts
     D:4: 67 daAuts

Table legend:
 A = Non-vault XP
 B = Vault XP
 C = Vault XP percentage of total XP
 D = Non-vault monster count
 E = Vault monster count
 F = Vault count percentage of total count
                 A         B        C        D         E       F
            +---------+---------+-------+---------+---------+-------
      Total |     121 |      51 |  29.7 |      59 |       8 |  11.9
            +---------+---------+-------+---------+---------+-------
        D:1 |      37 |       0 |   0.0 |      22 |       0 |   0.0
        D:2 |      39 |      37 |  48.7 |      16 |       7 |  30.4
        D:3 |      25 |      14 |  35.9 |      14 |       1 |   6.7
        D:4 |      20 |       0 |   0.0 |       7 |       0 |   0.0
            +---------+---------+-------+---------+---------+-------
